 Dungeon Crawl Stone Soup version 0.31-a0-851-g7ff8af7976 (console) character file.

Game seed: 11661496795502032795

1428279 questionabletactics the Spry (level 25, 207/207 HPs)
             Began as a Mummy Ice Elementalist on Oct 5, 2023.
             Was an Initiate of Gozag.
             Escaped with the Orb
             ... and 3 runes on Oct 6, 2023!
             The game lasted 05:47:10 (92016 turns).

questionabletactics the Spry (MuIE)                Turns: 92016, Time: 05:47:11

Health: 207/207    AC: 19    Str: 11      XL:     25   Next: 22%
Magic:  45/45      EV: 35    Int: 28      God:    Gozag
Gold:   3472       SH: 22    Dex: 31 (32) Spells: 14/60 levels left

rFire   + + +        a - +9 demon trident (spect)
rCold   + + .        g - +5 kite shield {AC+3}
rNeg    + + +        q - +2 robe "Xuigats" {rC++ Int+7 Archmagi}
rPois   ∞            F - +2 helmet of the Guilds {Dex+6}
rElec   .            t - +2 cloak {Will+}
rCorr   +            D - +2 pair of gloves
SInv    .            N - +2 pair of boots {Fly}
Will    ++++.        y - amulet of the Briny Deep {RegenMP Rampage rF+ Regen+ Int+2}
Stlth   ++           Y - ring "Rotub" {rF+++ rC- rN+ Dex-2 Stlth+}
HPRegen 1.34/turn    S - ring of Buoberi {rN+ rCorr Int+2 Dex+6}
MPRegen 0.69/turn

%: rampage, faith, archmagi
@: sluggish, flying, studying Axes, very slow
A: cold resistance 1, negative energy resistance 3, torment resistance 2, heat
vulnerability 1, in touch with death 2, no potions, faith
0: Orb of Zot
}: 3/15 runes: serpentine, barnacled, slimy
a: Renounce Religion, Potion Petition, Call Merchant, Bribe Branch


You escaped.
You worshipped Gozag.
Gozag was most pleased with you.
You visited 12 branches of the dungeon, and saw 55 of its levels.
You also visited: Bailey, Gauntlet, Ice Cave and Wizlab.

You collected 26864 gold pieces.
You spent 6169 gold pieces at shops.
You paid 17223 gold pieces to Gozag.

Inventory:

Hand Weapons
 a - a +9 spectral demon trident (weapon)
 h - the +4 demon trident of the Tired Servitors {elec, *Slow rElec rN+}
   (You bought it in a shop on level 3 of the Elven Halls)

   rElec:     It insulates you from electricity.
   rN+:       It protects you from negative energy.
   *Slow:     It may slow you when you take damage.
 W - the +8 rapier "Kofosix" {speed, Int+2 Dex+3}
   (You found it on level 2 of the Vaults)

   Int+2:     It affects your intelligence (+2).
   Dex+3:     It affects your dexterity (+3).
Missiles
 v - 8 curare-tipped darts
 A - 6 throwing nets
Armour
 g - a +5 kite shield of protection (worn)
 q - the +2 robe "Xuigats" (worn) {rC++ Int+7 Archmagi}
   (You bought it in a shop on level 3 of the Crypt)

   Int+7:     It affects your intelligence (+7).
   rC++:      It greatly protects you from cold.
   Archmagi:  It increases the power of your magical spells.
 t - a +2 cloak of willpower (worn)
 D - a +2 pair of gloves (worn)
 F - the +2 helmet of the Guilds (worn) {Dex+6}
   (You found it on level 5 of the Pits of Slime)

   Dex+6:     It affects your dexterity (+6).
 L - a +2 helmet of see invisible
 N - a +2 pair of boots of flying (worn)
 X - a scarf of resistance
Magical Staves
 b - the staff of Friendship {rF+ rC+ rN+ Summ Necro Ice}
   (You found it in a wizard's laboratory)

   [staff of death]

   Base accuracy: +5 Base damage: 5 Base attack delay: 1.2 This weapon's minimum
   attack delay (0.6) is reached at skill level 12.
   rF+:       It protects you from fire.
   rC+:       It protects you from cold.
   rN+:       It protects you from negative energy.
   Summ:      It increases the power of your Summonings spells.
   Necro:     It increases the power of your Necromancy spells.
   Ice:       It increases the power of your Ice spells.
   It falls into the 'Staves' category.
   It is a one-handed weapon.
Jewellery
 o - a ring of wizardry
 u - a ring of resist corrosion
 y - the amulet of the Briny Deep (around neck) {RegenMP Rampage rF+ Regen+ Int+2}
   (You bought it in a shop on level 4 of the Snake Pit)

   [amulet of magic regeneration]

   RegenMP:   It increases your rate of magic regeneration.
   Int+2:     It affects your intelligence (+2).
   rF+:       It protects you from fire.
   Regen+:    It increases your rate of health regeneration.
   Rampage:   It bestows one free step when moving towards enemies.
 z - an amulet of reflection
 G - a +6 ring of intelligence
 M - the ring of the Serpent {MP+9 Str+6 SInv}
   (You found it in a Gauntlet)

   [ring of magical power]

   Str+6:     It affects your strength (+6).
   MP+9:      It affects your magic capacity (+9).
   SInv:      It lets you see invisible.
 S - the ring of Buoberi (right hand) {rN+ rCorr Int+2 Dex+6}
   (You found it on level 1 of the Snake Pit)

   [ring of dexterity]

   Int+2:     It affects your intelligence (+2).
   Dex+6:     It affects your dexterity (+6).
   rN+:       It protects you from negative energy.
   rCorr:     It protects you from acid and corrosion.
 Y - the ring "Rotub" (left hand) {rF+++ rC- rN+ Dex-2 Stlth+}
   (You took it off a vampire knight on level 3 of the Crypt)

   [ring of positive energy]

   Dex-2:     It affects your dexterity (-2).
   rF+++:     It renders you almost immune to fire.
   rC-:       It makes you vulnerable to cold.
   rN+:       It protects you from negative energy.
   Stlth+:    It makes you more stealthy.
Wands
 f - a wand of digging (8)
 j - a wand of mindburst (25)
 l - a wand of light (39)
 p - a wand of iceblast (63)
 B - a wand of charming (63)
 P - a wand of polymorph (13)
Scrolls
 c - 5 scrolls of fear
 d - 5 scrolls of blinking
 e - 2 scrolls of torment
 i - 10 scrolls of fog
 k - 6 scrolls of silence
 m - a scroll of butterflies
 s - 2 scrolls of revelation
 C - 4 scrolls of immolation
 E - 7 scrolls of vulnerability
 J - 9 scrolls of teleportation
 K - 8 scrolls of amnesia
 O - 4 scrolls of poison
 R - a scroll of enchant armour
Miscellaneous
 n - a sack of spiders
 I - a phial of floods
 Q - a condenser vane
 V - a phantom mirror


   Skills:
 - Level 19.0 Fighting
 - Level 3.8 Short Blades
 - Level 14.0 Polearms
 - Level 20.6 Dodging
 - Level 1.5 Stealth
 + Level 15.2 Shields
 - Level 18.1 Spellcasting
 - Level 10.5 Conjurations
 - Level 3.4 Summonings
 - Level 5.6 Necromancy
 - Level 6.4 Translocations
 - Level 14.5 Ice Magic
 - Level 7.6 Evocations


You had 14 spell levels left.
You knew the following spells:

 Your Spells              Type           Power      Damage    Failure   Level
a - Freeze                Ice            100%       1d10      0%          1
b - Frozen Ramparts       Ice            100%       1d16      1%          3
c - Ozocubu's Armour      Ice            100%       N/A       1%          3
d - Mephitic Cloud        Conj/Pois/Air  61%        N/A       2%          3
e - Call Imp              Summ           100%       N/A       1%          2
f - Summon Ice Beast      Ice/Summ       85%        N/A       1%          4
g - Swiftness             Air            38%        N/A       11%         3
h - Freezing Cloud        Conj/Ice/Air   41%        6-21      3%          5
i - Sticky Flame          Conj/Fire      70%        2d8       4%          4
j - Dispel Undead         Necr           100%       3d31      3%          4
k - Ozocubu's Refrigerat  Ice            51%        4d18      8%          7
l - Blink                 Tloc           100%       N/A       1%          2
m - Passage of Golubria   Tloc           75%        N/A       2%          4
n - Apportation           Tloc           100%       N/A       1%          1

Your spell library contained the following spells:

 Spells                   Type           Power      Damage    Failure   Level
 Foxfire                  Conj/Fire      100%       2x1d9     1%          1
 Kiss of Death            Conj/Necr      100%       2d13      1%          1
 Magic Dart               Conj           100%       1d8       1%          1
 Necrotise                Necr           100%       1d9       1%          1
 Shock                    Conj/Air       100%       1d9       1%          1
 Summon Small Mammal      Summ           100%       N/A       1%          1
 Ensorcelled Hibernation  Hex/Ice        100%       N/A       1%          2
 Lesser Beckoning         Tloc           100%       N/A       1%          2
 Momentum Strike          Conj/Tloc      100%       3d10      1%          2
 Searing Ray              Conj           100%       2d8       1%          2
 Static Discharge         Conj/Air       100%       2-7/arc   1%          2
 Dazzling Flash           Conj/Hex       100%       N/A       1%          3
 Hailstorm                Conj/Ice       97%        3d19      1%          3
 Stone Arrow              Conj/Erth      100%       3d13      1%          3
 Vampiric Draining        Necr           100%       2d13      1%          3
 Iskenderun's Mystic Bla  Conj/Tloc      83%        2d16      1%          4
 Iskenderun's Battlesphe  Conj           91%        2d14      1%          5
 Call Canine Familiar     Summ           61%        N/A       2%          3
 Volatile Blastmotes      Fire/Tloc      100%       2d18      2%          3
 Manifold Assault         Tloc           75%        N/A       2%          4
 Summon Guardian Golem    Hex/Summ       51%        N/A       4%          3
 Brom's Barrelling Bould  Conj/Erth      70%        2d8       4%          4
 Fulminant Prism          Conj/Hex       35%        3d17      4%          4
 Jinxbite                 Hex            76%        N/A       5%          2
 Passwall                 Tmut/Erth      31%        N/A       5%          2
 Poisonous Vapours        Pois/Air       76%        N/A       5%          2
 Dimensional Bullseye     Hex/Tloc       30%        N/A       10%         4
 Agony                    Necr           100%       N/A       10%         5
 Confusing Touch          Hex            38%        N/A       11%         3
 Ignite Poison            Fire/Tmut/Pois 38%        N/A       11%         3
 Inner Flame              Hex/Fire       38%        N/A       11%         3
 Sigil of Binding         Hex            38%        N/A       11%         3
 Tukima's Dance           Hex            38%        N/A       11%         3
 Anguish                  Hex/Necr       48%        N/A       11%         4
 Fireball                 Conj/Fire      35%        3d15      11%         5
 Irradiate                Conj/Tmut      35%        3d23      11%         5
 Animate Armour           Summ/Erth      100%       N/A       17%         4
 Borgnjor's Vile Clutch   Necr/Erth      48%        N/A       30%         5
 Airstrike                Air            19%        2d(3-19)  34%         4
 Leda's Liquefaction      Hex/Erth       19%        N/A       34%         4
 Petrify                  Tmut/Erth      38%        N/A       34%         4
 Orb of Destruction       Conj           45%        9d12      36%         7
 Summon Mana Viper        Hex/Summ       51%        N/A       43%         5
 Death Channel            Necr           57%        N/A       45%         6
 Bombard                  Conj/Erth      35%        9d6       52%         6
 Conjure Ball Lightning   Conj/Air       35%        3x3d11    52%         6
 Starburst                Conj/Fire      35%        6d10      52%         6
 Alistair's Intoxication  Tmut/Pois      25%        N/A       67%         5
 Lee's Rapid Deconstruct  Erth           19%        3d11*     67%         5
 Silence                  Hex/Air        19%        N/A       67%         5
 Yara's Violent Unravell  Hex/Tmut       19%        3d9       67%         5
 Spellforged Servitor     Conj/Summ      38%        N/A       86%         7
 Malign Gateway           Summ/Tloc      34%        N/A       98%         7
 Eringya's Noxious Bog    Tmut/Pois      19%        4d6       99%         6
 Plasma Beam              Fire/Air       19%        2x1d30    99%         6
 Haunt                    Necr/Summ      53%        N/A       99%         7
 Monstrous Menagerie      Summ           30%        N/A       100%        7
 Ignition                 Fire           19%        3d7       100%        8
 Lehudib's Crystal Spear  Conj/Erth      35%        10d9      100%        8
 Maxwell's Capacitive Co  Air            19%        ∞         100%        8
 Sublimation of Blood     Necr           Unusable   N/A       N/A         2
 Animate Dead             Necr           Unusable   N/A       N/A         4
 Wereblood                Tmut           Unusable   N/A       N/A         2
 Borgnjor's Revivificati  Necr           Unusable   N/A       N/A         8
 Death's Door             Necr           Unusable   N/A       N/A         9

Dungeon Overview and Level Annotations

Branches:
Dungeon (15/15)            Temple (1/1) D:7            Lair (5/5) D:9
 Shoals (4/4) Lair:2        Snake (4/4) Lair:3        Slime (5/5) Lair:5
    Orc (2/2) D:9             Elf (3/3) Orc:2        Vaults (4/5) D:14
  Crypt (3/3) Vaults:2       Tomb (0/3) Crypt:3      Depths (4/4) D:15
    Zot (5/5) Depths:4     Bailey (visited)           IceCv (visited)
 WizLab (visited)         Gauntlet (visited)

Altars:
Ashenzari
Cheibriados
Dithmenos
Fedhas
Gozag
Hepliaklqana
Kikubaaqudgha
Makhleb
Nemelex Xobeh
Okawaru
Qazlal
Ru
Sif Muna
Trog
Uskayaw
Vehumet
Wu Jian
Xom
Yredelemnul
Lugonu

Shops:
D:5 :   Orc:2 ((((==[*   Elf:2 (   Elf:3 (   Lair:2 ?   Snake:1 *=
Snake:3 =:[*   Snake:4 ==   Crypt:3 [   Depths:1 =::   Depths:3 *   Depths:4 :

Portals:
Hell: Depths:1 Depths:2 Depths:3 Depths:4
Abyss: Lair:5 Depths:3 Depths:4
Ziggurat: Depths:3
Trove: Depths:3 (give 5 scrolls of fog)

Annotations:
Shoals:1 exclusion: kraken, Roxanne
Snake:3 Bai Suzhen
Elf:1 6 runed translucent doors
Elf:2 5 runed translucent doors
Vaults:3 Margery; Sojobo
Vaults:4 Zenata
Depths:2 Vv
Zot:3 exclusion: oklob plant


Innate Abilities, Weirdness & Mutations

You are immune to poison.
Your flesh is cold resistant. (rC+)
You are immune to negative energy. (rN+++)
You are immune to unholy pain and torment.
You are vulnerable to heat. (rF-)
You are strongly in touch with the powers of death.
You do not drink.
You have a special connection with the divine. (Faith)


Message History

You reach down and open the door.
There is an open door here.
A neqoxec comes into view.
The neqoxec moves out of view.
Aiming: Bolt of Light
Press: ? - help, Shift-Dir - straight line, f - you That beam is likely to hit you.
Continue anyway?
Okay, then.
Unknown command.
Okay, then.
Casting: Ozocubu's Armour (safe; 1% risk of failure)
Confirm with . or Enter, or press ? or * to list all spells.
You feel a surge of power! A chill wind blows around you.
You swap places.
The neqoxec gestures at you.
Your ice beast twists and deforms.
Your ice beast barely misses the neqoxec.
Your ice beast hits the neqoxec.
Your ice beast freezes the neqoxec!
Aiming: Dig
Press: ? - help, Shift-Dir - straight line, f - you Please select a direction to dig.
This square is covered in magical glow.
The rock shatters into small pieces.
Casting: Summon Ice Beast (mildly dangerous; 1% risk of failure)
Confirm with . or Enter, or press ? or * to list all spells.
You feel a surge of power!
You feel quick.
Unknown command.
The neqoxec gestures at you.
Something tries to feed on your intellect!
The neqoxec gestures at you.
Strange energies course through your body.
Your body decomposes!
You feel clumsy.
There is an open door here.
You start to feel a little slower.
There is an open door here.
There is an open door here.
There is a staircase leading out of the dungeon here.
You feel sluggish.
You have escaped!

#.## #.# #.# # #Y# #.# ##.## #
#3# #.# ##...###### #.# #.#
#.......... ###.# #.# ##....#####
..Y.## #.# ######.#.#
####Y###############........#
#...~~~~...#.....######.###
###...3......#..@..# #.#
.8#....~~....#.....# #.#
..'..........#####'# #.#
..'..........'.♣♣#.# #.#
..'..........#♣.♣#.# #.#
.8#....≈§....#♣.♣#.######.###
###...§.§§§..#♣♣.'.#........#
..#...§§§§...# ♣♣#♣######.#.#
########################....#####


There were no monsters in sight!

Vanquished Creatures
  the Royal Jelly (Slime:5)
  Frederick (Depths:3)
  A shard shrike (Depths:3)
  Xtahua (Vaults:3)
  Nikola (Elf:3)
  3 golden dragons
  Jory (Crypt:3)
  A Tzitzimitl (Depths:1)
  4 tentacled monstrosities
  2 electric golems
  Asterion (Snake:1)
  A lich (Crypt:1)
  2 quicksilver dragons
  3 Executioners (Depths:1)
  2 deep elf blademasters (Elf:3)
  3 Orb Guardians (Zot:5)
  2 sphinxes
  2 death cobs
  5 deep elf master archers
  23 acid blobs
  Frances (Elf:1)
  2 krakens (Shoals:4)
  5 ancient champions
  Agnes (Elf:1)
  Aizul (Snake:1)
  Ilsuiw (Shoals:2)
  4 storm dragons
  Polyphemus (Shoals:4)
  4 tengu reavers
  A daeva (Depths:2)
  5 nagarajas
  Donald (Snake:1)
  9 rockslimes
  A shadow dragon (Depths:4)
  7 deep elf sorcerers
  7 vault wardens
  A balrug (Depths:3)
  5 deep elf elementalists (Elf:3)
  3 fenstrider witches (WizLab)
  3 fire giants
  A draconian shifter (Zot:3)
  5 frost giants
  2 draconian knights
  An angel (Depths:1)
  14 azure jellies
  4 spectral caustic shrikes (Depths:1)
  A ghost moth (Zot:5)
  A draconian scorcher (Depths:4)
  7 ghouls
  Louise (Elf:1)
  2 caustic shrike zombies (Depths:1)
  A curse skull (Crypt:2)
  An orc warlord (Vaults:1)
  2 spriggan defenders (Depths:2)
  9 ironbound preservers
  21 very ugly things
  4 reapers
  5 draconian annihilators
  2 caustic shrike skeletons
  A juggernaut skeleton (Depths:1)
  2 war gargoyles (Vaults:4)
  5 ironbound thunderhulks
  13 quicksilver oozes
  4 green draconians
  13 stone giants
  The ghost of Ucadoall the Warrior, a journeyman BaHu of Nemelex Xobeh (D:14)
  10 deep elf annihilators (Elf:3)
  21 formless jellyfish
  3 eleionomae (WizLab)
  2 yellow draconians
  27 vampire knights
  2 black draconians
  25 dire elephants
  A red draconian (Depths:4)
  12 deep elf demonologists
  A minotaur (Gauntlet)
  2 purple draconians (Depths:4)
  16 deep elf death magi
  A green death (Zot:2)
  2 shambling mangroves (WizLab)
  2 crystal guardians (Vaults:4)
  7 merfolk impalers
  5 eidola
  7 ettins
  Josephine (D:15)
  4 fire dragons
  2 entropy weavers
  7 jiangshi
  4 merfolk javelineers (Shoals:4)
  8 yaktaur captains
  2 deep elf high priests
  10 great orbs of eyes
  5 ice dragons
  Erolcha (D:12)
  5 salamander tyrants
  4 vault guards (Vaults:1)
  7 hydras
  Harold (Orc:1)
  A quicksilver dragon skeleton (Crypt:2)
  14 centaur warriors
  2 rakshasas
  Fannar (D:10)
  A spectral shadow dragon (Depths:1)
  A spectral tengu (Depths:1)
  3 caustic shrike simulacra
  A catoblepas (Shoals:4)
  5 boulder beetles
  A sphinx zombie (Depths:1)
  A spriggan skeleton (Depths:1)
  5 ironbound frosthearts
  7 spriggan air magi
  3 merfolk aquamancers (Shoals:4)
  3 peacekeepers
  2 spectral frost giants (Depths:1)
  An anaconda (shapeshifter) (Lair:5)
  16 anacondas
  A death knight (Crypt:1)
  12 dancing weapons
  8 merfolk avatars
  2 sphinx skeletons (Depths:1)
  4 satyrs
  A tengu warrior (Depths:3)
  3 two-headed ogres
  4 death yaks (Shoals:4)
  2 alligator snapping turtles (Shoals:4)
  An azure jelly zombie (Crypt:3)
  5 deep troll earth magi
  19 naga sharpshooters
  3 deep troll shamans
  3 thrashing horrors (Lair:5)
  13 vampire magi
  16 naga warriors
  5 shock serpents
  6 hell knights (Depths:4)
  3 large abominations (Lair:5)
  A titan skeleton (Crypt:2)
  4 deep elf knights
  3 soul eaters
  3 skysharks
  4 spriggan berserkers
  2 storm dragon zombies
  7 shadow wraiths
  6 salamander mystics
  A sixfirhy (Gauntlet)
  An anaconda zombie (Crypt:2)
  5 flayed ghosts
  An iron giant zombie (Crypt:3)
  34 skeletal warriors
  3 storm dragon skeletons (Depths:1)
  A bunyip zombie (Crypt:3)
  4 iron trolls
  10 sea snakes
  A ghost moth zombie (Crypt:1)
  A skyshark (shapeshifter) (Lair:5)
  A quicksilver dragon simulacrum (Depths:3)
  2 glowing orange brains
  8 lindwurms
  46 deep trolls
  2 fenstrider witch simulacra (Crypt:1)
  2 bog bodies (Crypt:2)
  A golden dragon skeleton (Depths:1)
  8 spriggan simulacra
  14 deep elf archers
  A tengu zombie (Vaults:2)
  A shadow dragon zombie (Crypt:3)
  14 necromancers
  An anaconda skeleton (Crypt:1)
  A bunyip skeleton (Crypt:3)
  4 naga ritualists
  14 harpies
  9 ironbound convokers
  8 orc knights (Orc:2)
  11 wizards
  2 obsidian statues (IceCv)
  A draconian zombie (Crypt:3)
  17 phantasmal warriors
  42 ugly things
  An iron dragon zombie (Depths:1)
  2 shining eyes
  2 oklob plants (WizLab)
  A jorogumo zombie (Crypt:3)
  11 deep elf zephyrmancers
  A frost giant zombie (Depths:1)
  2 stone giant zombies
  32 deep elf pyromancers
  4 orc sorcerers
  9 mana vipers
  2 shadow dragon skeletons (Depths:1)
  14 fauns
  24 salamanders
  2 cyclopes
  An iron dragon skeleton (Crypt:1)
  2 dire elephant zombies (Crypt:3)
  7 moths of wrath
  A moth of wrath (shapeshifter) (D:15)
  16 manticores
  5 elephants (Lair:1)
  A centaur zombie (D:15)
  17 vault sentinels
  An eleionoma skeleton (Crypt:2)
  A formless jellyfish zombie (Crypt:1)
  19 naga magi
  3 smoke demons
  3 eyes of devastation
  3 water nymphs
  An alligator snapping turtle zombie (Crypt:1)
  36 black mambas
  7 guardian serpents
  11 merfolk sirens
  9 cane toads
  3 gargoyles
  A titan simulacrum (Crypt:1)
  A centaur skeleton (D:15)
  A minotaur zombie (Crypt:1)
  An unseen horror (shapeshifter) (D:15)
  An orb spider zombie (Crypt:2)
  16 yaktaurs
  7 rime drakes
  3 unseen horrors
  3 kobold demonologists (D:11)
  19 freezing wraiths
  A tormentor (Depths:1)
  3 anaconda simulacra
  4 tengu conjurers
  A bunyip simulacrum (Crypt:1)
  4 golden dragon simulacra
  A yaktaur skeleton (Vaults:3)
  4 komodo dragons
  The ghost of justen the Chopper, an amateur HOBe of Trog (D:4)
  An ice devil (D:3)
  2 alligator simulacra (IceCv)
  27 merfolk
  2 harpy zombies
  A tengu simulacrum (Depths:3)
  6 trolls
  7 hornets
  A shadow dragon simulacrum (Crypt:1)
  10 wind drakes
  A culicivora zombie (Crypt:2)
  20 blink frogs
  A fire giant simulacrum (Depths:1)
  A blink frog (shapeshifter) (D:14)
  2 hydra zombies
  A polar bear (Lair:3)
  5 snapping turtles
  An iron dragon simulacrum (Crypt:1)
  A stone giant simulacrum (Crypt:1)
  7 dream sheep
  A tarantella zombie (Crypt:1)
  2 harpy skeletons
  A raiju (Lair:5)
  6 centaur simulacra (Crypt:1)
  3 frost giant simulacra (Depths:1)
  4 shadows
  9 air elementals
  2 dire elephant simulacra
  4 spriggans
  A jumping spider (Gauntlet)
  2 ettin skeletons
  89 slime creatures
  10 water elementals
  A spriggan (shapeshifter) (D:14)
  15 wraiths
  5 hogs
  A fire elemental (Elf:3)
  10 wyverns
  37 yaks
  Grum (D:8)
  15 golden eyes
  2 steam dragons
  6 basilisks
  2 chaos spawn
  2 minotaur simulacra (IceCv)
  A redback (Vaults:4)
  13 vampire mosquitoes
  54 nagas
  A human simulacrum (Vaults:2)
  2 swamp worms (Gauntlet)
  8 wargs
  A glowing shapeshifter zombie (Depths:1)
  4 small abominations (Lair:5)
  Edmund (D:5)
  4 harpy simulacra (Crypt:1)
  11 water moccasins
  5 hydra simulacra
  An ogre skeleton (Vaults:2)
  A nameless horror (D:10)
  A human skeleton (Vaults:3)
  34 orc warriors
  A black bear (shapeshifter) (Lair:5)
  2 black bears
  2 sky beasts
  A lindwurm zombie (Crypt:2)
  3 ice beasts
  10 wolves
  3 ettin simulacra (IceCv)
  4 boggarts
  6 ogres
  A hog zombie (Crypt:1)
  11 centaurs
  5 kobold brigands
  2 fire crab zombies
  14 bullfrogs
  3 scorpions
  2 earth elementals
  A gnoll sergeant (D:8)
  A komodo dragon skeleton (Crypt:1)
  A naga simulacrum (Crypt:1)
  4 wights
  A shapeshifter zombie (Crypt:2)
  A warg skeleton (Crypt:3)
  4 howler monkeys
  2 electric eels (Snake:2)
  8 hounds
  7 orc priests
  2 gnoll boudas
  An iron imp (D:14)
  A sleepcap (D:6)
  An iguana (D:6)
  17 orc wizards
  Ijyb (D:3)
  Natasha (twice) (D:2)
  11 hell rats
  A boggart skeleton (D:15)
  A deep dwarf zombie (Crypt:2)
  A hound zombie (Crypt:1)
  A deep dwarf skeleton (Crypt:2)
  A scorpion simulacrum (D:4)
  4 adders
  11 gnolls
  2 steam dragon zombies
  2 hound simulacra (D:4)
  3 shadow imps
  A howler monkey simulacrum (D:4)
  A white imp (D:4)
  4 ufetubi (Gauntlet)
  A worm (D:4)
  A dart slug (D:4)
  An adder simulacrum (D:4)
  75 orcs
  3 ball pythons
  6 endoplasms
  6 giant cockroaches
  10 goblins
  7 hobgoblins
  28 kobolds
  3 quokkas
  7 bats
  5 frilled lizards
  A gnoll skeleton (Crypt:1)
  A hobgoblin skeleton (Crypt:3)
  9 rats
  8 spectral weapons
  A tentacle (Shoals:4)
2072 creatures vanquished.

Vanquished Creatures (collateral kills)
  A Killer Klown (Zot:5)
  Jorgrun (D:14)
  An electric golem (Zot:5)
  6 Orb Guardians (Zot:5)
  An Ice Fiend (Zot:5)
  Kirke (Lair:3)
  A frost giant (Depths:3)
  A formless jellyfish (Shoals:4)
  A war gargoyle (Vaults:4)
  An ironbound thunderhulk (Vaults:1)
  A blizzard demon (Zot:5)
  A merfolk impaler (Shoals:4)
  A yaktaur captain (Vaults:2)
  A great orb of eyes (Vaults:3)
  An anaconda (shapeshifter) (Lair:5)
  A two-headed ogre (D:10)
  A merfolk aquamancer (Shoals:4)
  Urug (Lair:1)
  3 skysharks
  A skeletal warrior (D:13)
  A deep troll (Vaults:4)
  A sea snake (Shoals:1)
  4 harpies
  An ugly thing (D:15)
  A wolf spider (Gauntlet)
  A cyclops (D:12)
  An elephant (Lair:1)
  A black mamba (Lair:2)
  2 merfolk sirens
  2 water nymphs
  A minotaur zombie (Gauntlet)
  A smoke demon (Lair:5)
  2 rime drakes
  5 komodo dragons
  A polar bear (Lair:4)
  10 blink frogs
  4 merfolk
  4 dream sheep
  3 slime creatures (D:14)
  9 small abominations (Lair:5)
  A vampire (D:14)
  3 water elementals
  4 basilisks
  A wyvern (Lair:3)
  5 yaks
  A steam dragon (D:8)
  A warg (Orc:2)
  2 acid dragons
  6 water moccasins
  9 orc warriors
  A black bear (Lair:1)
  5 wolves
  A centaur (D:8)
  A phantom (D:6)
  6 kobold brigands
  3 wights
  3 jellies
  Crazy Yiuf (D:3)
  Natasha (D:2)
  8 orcs
  A quokka (D:3)
  6 kobolds
152 creatures vanquished.

Vanquished Creatures (others)
  3 dread liches (Zot:5)
  2 ancient liches (Zot:5)
  An orb of fire (Zot:5)
  3 Killer Klowns (Zot:5)
  3 tentacled monstrosities (Zot:5)
  8 Orb Guardians (Zot:5)
  A shadow dragon (Zot:5)
  2 storm dragons (Zot:5)
  A green draconian (Zot:5)
  A white draconian (Zot:5)
  A red draconian (Zot:5)
  2 wizards
  A manticore (Shoals:2)
  A guardian serpent (Snake:4)
  An orc warrior (Elf:1)
  50 spectral weapons
  15 tentacles (Shoals:4)
96 creatures vanquished.

Grand Total: 2320 creatures vanquished

Notes
Turn   | Place    | Note
-------+----------+-------------------------------------------
     0 | D:1      | questionabletactics the Mummy Ice Elementalist began the
                  | quest for the Orb.
     0 | D:1      | Reached XP level 1. HP: 13/13 MP: 4/4
   392 | D:1      | Reached XP level 2. HP: 19/19 MP: 3/6
  1138 | D:2      | Reached XP level 3. HP: 19/24 MP: 2/8
  1211 | D:2      | Learned a level 3 spell: Frozen Ramparts
  1215 | D:2      | Learned a level 3 spell: Ozocubu's Armour
  1560 | D:2      | Noticed Natasha
  1981 | D:3      | Found a broken altar of Ashenzari.
  1986 | D:3      | Noticed a water moccasin
  2256 | D:3      | Reached XP level 4. HP: 26/30 MP: 3/9
  2642 | D:3      | Found an ancient bone altar of Kikubaaqudgha.
  2650 | D:3      | Noticed Ijyb
  3253 | D:4      | Noticed justen's ghost (amateur HOBe)
  3254 | D:4      | Noticed an ice beast
  3372 | D:4      | Found a shadowy altar of Dithmenos.
  3700 | D:4      | Found a runed translucent gate.
  3700 | D:4      | Found a runed translucent gate.
  3700 | D:4      | Found a runed translucent gate.
  3782 | D:4      | Reached XP level 5. HP: 33/35 MP: 8/11
  3791 | D:4      | Found a hazy altar of Hepliaklqana.
  3793 | D:4      | Identified the +1 robe of Beg Fodd {MP+9 Int+5}
  3862 | D:4      | Learned a level 3 spell: Mephitic Cloud
  3896 | D:4      | Noticed an ogre
  3899 | D:4      | Killed an ogre
  3900 | D:4      | Reached skill level 5 in Spellcasting
  3900 | D:4      | Reached skill level 5 in Ice Magic
  4044 | D:4      | Found a hide-covered altar of Uskayaw.
  4397 | D:4      | Learned a level 2 spell: Call Imp
  4439 | D:5      | Entered Level 5 of the Dungeon
  4469 | D:4      | Reached XP level 6. HP: 35/41 MP: 13/13
  4551 | D:5      | Reached skill level 1 in Summonings
  4623 | D:5      | Noticed Edmund
  4623 | D:5      | Noticed a steam dragon
  4957 | D:6      | Noticed a water moccasin
  4962 | D:6      | Killed a water moccasin
  4963 | D:6      | Reached skill level 1 in Conjurations
  4963 | D:6      | Reached XP level 7. HP: 26/46 MP: 16/16
  5513 | D:6      | Reached XP level 8. HP: 42/52 MP: 19/19
  5869 | D:6      | Found a burning altar of Makhleb.
  6063 | D:6      | Learned a level 4 spell: Summon Ice Beast
  6516 | D:5      | Killed Edmund
  6555 | D:5      | Found Otuesch's Tiny Tomes.
  7005 | D:6      | Reached skill level 1 in Fighting
  7687 | D:7      | Reached XP level 9. HP: 50/63 MP: 21/21
  7703 | D:7      | Reached skill level 2 in Dodging
  8175 | D:7      | Found a staircase to the Ecumenical Temple.
  8183 | Temple   | Entered the Ecumenical Temple
  8229 | D:7      | Found a basalt altar of Yredelemnul.
  8498 | D:7      | Reached skill level 1 in Evocations
  8617 | D:8      | Noticed Grum
  8675 | D:8      | Killed Grum
  8777 | D:8      | Reached skill level 3 in Dodging
  8886 | D:8      | Found a flagged portal.
  8903 | D:8      | Reached skill level 10 in Spellcasting
  8918 | Bailey   | Entered a bailey
  9001 | Bailey   | Learned a level 3 spell: Swiftness
  9049 | Bailey   | Reached skill level 1 in Shields
  9178 | Bailey   | Reached XP level 10. HP: 58/70 MP: 21/24
  9566 | Bailey   | Found a bloodstained altar of Trog.
 10399 | D:9      | Found a staircase to the Orcish Mines.
 10414 | D:9      | Found a staircase to the Lair.
 10570 | D:9      | Found an opulent altar of Gozag.
 10578 | D:9      | Became a worshipper of Gozag Ym Sagoz the Greedy
 10825 | D:8      | Reached skill level 4 in Dodging
 11012 | D:8      | Noticed a cyan ugly thing
 11013 | D:8      | Noticed a two-headed ogre
 11024 | D:8      | Killed a two-headed ogre
 11026 | D:8      | Noticed a centaur warrior
 11027 | D:8      | Killed a purple ugly thing
 11028 | D:8      | Reached skill level 5 in Dodging
 11038 | D:8      | Killed a centaur warrior
 11039 | D:8      | Reached skill level 5 in Fighting
 11039 | D:8      | Reached XP level 11. HP: 75/80 MP: 9/26
 11610 | D:3      | Killed Ijyb
 11674 | D:3      | Found a runed translucent door.
 11675 | D:3      | Noticed Crazy Yiuf
 11732 | D:3      | Killed Crazy Yiuf
 11838 | D:2      | Killed Natasha
 11996 | D:2      | Noticed Natasha
 12001 | D:2      | Killed Natasha
 12181 | D:2      | Noticed Natasha
 12188 | D:2      | Killed Natasha
 12518 | D:9      | Reached skill level 6 in Dodging
 12818 | D:10     | Entered Level 10 of the Dungeon
 13228 | D:10     | Reached skill level 1 in Short Blades
 13321 | D:10     | Found an ornate altar of the Wu Jian Council.
 13416 | D:10     | Noticed a two-headed ogre
 13555 | D:10     | Found a bloodstained altar of Trog.
 13556 | D:10     | Noticed a wizard
 13562 | D:10     | Killed a wizard
 13633 | D:10     | Killed a two-headed ogre
 13634 | D:10     | Reached skill level 7 in Dodging
 13944 | D:10     | Found a shimmering altar of Xom.
 14006 | D:10     | Noticed Fannar
 14235 | Lair:1   | Entered Level 1 of the Lair of Beasts
 14332 | Lair:1   | Noticed Urug
 14362 | Lair:1   | Killed Urug
 14363 | Lair:1   | Reached skill level 8 in Dodging
 14634 | Lair:1   | Reached skill level 1 in Polearms
 15086 | Lair:1   | Identified the +7 sling "Nisism" {flame, rPois Str+3
                  | Stlth+}
 15174 | Lair:1   | Reached XP level 12. HP: 83/89 MP: 27/27
 15484 | Lair:2   | Found a staircase to the Shoals.
 16744 | Lair:3   | Learned a level 5 spell: Freezing Cloud
 16806 | Lair:3   | Noticed an eight-headed hydra
 17128 | Lair:2   | Reached skill level 5 in Polearms
 17476 | Lair:3   | Upgraded the game from 0.31-a0-848-gaac375c287 to
                  | 0.31-a0-851-g7ff8af7976
 17618 | Lair:3   | Noticed Kirke
 17974 | Lair:3   | Killed an eight-headed hydra
 18281 | Lair:3   | Gained mutation: You are strongly in touch with the powers
                  | of death. [Mummy growth]
 18281 | Lair:3   | Reached XP level 13. HP: 94/94 MP: 26/28
 18306 | Lair:3   | Reached skill level 5 in Conjurations
 18710 | Lair:3   | Killed Kirke
 19220 | Lair:3   | Found a staircase to the Snake Pit.
 19439 | Lair:4   | Reached skill level 10 in Ice Magic
 20315 | Lair:5   | Entered Level 5 of the Lair of Beasts
 21539 | Lair:5   | Found a staircase to the Slime Pits.
 22027 | Lair:5   | Reached XP level 14. HP: 67/101 MP: 31/32
 22674 | Lair:5   | Found a corrupted altar of Lugonu.
 22679 | Lair:5   | Found a one-way gate to the infinite horrors of the Abyss.
 22694 | Lair:5   | Got an exquisite book
 22701 | Lair:5   | Learned a level 4 spell: Sticky Flame
 23550 | D:10     | Killed Fannar
 24835 | D:12     | Found a gate leading to a gauntlet.
 24844 | Gauntlet | Entered a Gauntlet
 24844 | Gauntlet | Found a transporter.
 24844 | Gauntlet | Found a transporter.
 24848 | Gauntlet | Found a transporter.
 24872 | Gauntlet | Found a transporter.
 24882 | Gauntlet | Found a transporter.
 24882 | Gauntlet | Found a transporter.
 24906 | Gauntlet | Found a transporter.
 24915 | Gauntlet | Found a transporter.
 24929 | Gauntlet | Found a transporter.
 24940 | Gauntlet | Found a transporter.
 24947 | Gauntlet | Found a transporter.
 24977 | Gauntlet | Found a transporter.
 24992 | Gauntlet | Found a transporter.
 25006 | Gauntlet | Found a transporter.
 25106 | Gauntlet | Found a transporter.
 25122 | Gauntlet | Found a transporter.
 25494 | Gauntlet | Identified the ring of the Serpent {MP+9 Str+6 SInv}
 25601 | Gauntlet | Identified the +3 rapier of Evisceration {drain, Fly
                  | Stlth+}
 26244 | D:12     | Noticed Erolcha
 26255 | D:12     | Noticed Snorg
 26259 | D:12     | Killed Erolcha
 26272 | D:12     | Snorg changed into Snorg the cyclops
 26272 | D:12     | Noticed Snorg
 26280 | D:12     | Killed Snorg the cyclops
 26786 | Orc:1    | Entered Level 1 of the Orcish Mines
 26935 | Orc:1    | Noticed Harold
 26955 | Orc:1    | Killed Harold
 26956 | Orc:1    | Reached skill level 9 in Dodging
 27156 | Orc:2    | Entered Level 2 of the Orcish Mines
 27278 | Orc:2    | Found a staircase to the Elven Halls.
 28200 | Orc:2    | Reached XP level 15. HP: 110/115 MP: 33/33
 28465 | Orc:2    | Found Mivemnesa's Weapon Boutique.
 28465 | Orc:2    | Found Hiet's Antique Weapon Shoppe.
 29044 | Orc:2    | Found Juulir's Antique Weapon Boutique.
 29044 | Orc:2    | Found Qousan's Weapon Shoppe.
 29387 | D:13     | You are sucked into a shaft and drop 2 floors!
 29387 | D:15     | Entered Level 15 of the Dungeon
 29766 | D:13     | Reached skill level 10 in Dodging
 30017 | D:14     | Noticed Jorgrun
 30403 | D:15     | Noticed Nessos
 30407 | D:15     | Nessos changed into Nessos the mana viper
 30407 | D:15     | Noticed Nessos
 30417 | D:15     | Killed Nessos the mana viper
 30498 | D:15     | Identified the amulet of Moll {Reflect Harm rPois Int-5
                  | SH+5}
 30778 | D:15     | Noticed Josephine
 31388 | D:14     | Found a snail-covered altar of Cheibriados.
 31485 | D:14     | Found a runed translucent door.
 31485 | D:14     | Found a shimmering altar of Xom.
 31485 | D:14     | Noticed Ucadoall's ghost (journeyman BaHu)
 31531 | D:14     | Killed Jorgrun
 31791 | D:14     | Reached skill level 5 in Evocations
 32203 | D:14     | Found a gate to the Vaults.
 32428 | D:14     | Reached skill level 10 in Fighting
 33164 | D:15     | Reached skill level 11 in Dodging
 33585 | D:4      | Killed justen's ghost
 33746 | Lair:2   | Bought a scroll of blinking for 112 gold pieces
 33746 | Lair:2   | Bought 3 scrolls of teleportation for 135 gold pieces
 33746 | Lair:2   | Bought a scroll of enchant armour for 112 gold pieces
 33789 | Shoals:1 | Entered Level 1 of the Shoals
 34497 | Shoals:1 | Noticed Roxanne
 35079 | Shoals:1 | Reached XP level 16. HP: 125/125 MP: 34/34
 35170 | Shoals:1 | Noticed a kraken
 35359 | Shoals:2 | Reached skill level 12 in Dodging
 36002 | Shoals:2 | Noticed Ilsuiw
 36021 | Shoals:2 | Killed Ilsuiw
 36763 | Shoals:3 | Reached skill level 13 in Dodging
 38134 | Shoals:4 | Entered Level 4 of the Shoals
 39845 | Shoals:4 | Noticed a kraken
 40253 | Shoals:4 | Reached skill level 10 in Polearms
 41145 | Shoals:4 | Noticed a kraken
 41207 | Shoals:4 | Killed a kraken
 41403 | Shoals:4 | Noticed Polyphemus
 41432 | Shoals:4 | Killed Polyphemus
 41433 | Shoals:4 | Reached XP level 17. HP: 117/133 MP: 19/35
 41854 | Shoals:4 | Killed a kraken
 41912 | Shoals:4 | Got a barnacled rune of Zot
 42186 | Snake:1  | Entered Level 1 of the Snake Pit
 42242 | Snake:1  | Noticed Donald
 42257 | Snake:1  | Killed Donald
 42528 | Snake:1  | Noticed Asterion
 42746 | Snake:1  | Identified the ring of Buoberi {rN+ rCorr Int+2 Dex+6}
 42771 | Snake:1  | Found Acoluv's Jewellery Shoppe.
 42821 | Snake:1  | Bought a ring of protection from fire for 400 gold pieces
 43126 | Snake:1  | Noticed Aizul
 43151 | Snake:1  | Killed Aizul
 43189 | Snake:1  | Found Emoqulea's General Store.
 43456 | Snake:1  | Killed Asterion
 43643 | Snake:1  | Reached skill level 15 in Spellcasting
 44816 | Snake:2  | Reached skill level 14 in Dodging
 46799 | Snake:2  | Reached skill level 15 in Dodging
 47909 | Snake:3  | Found Ysepiore's Armour Shop.
 47910 | Snake:3  | Found Avvuoxud's Assorted Antiques.
 47910 | Snake:3  | Found Tevefyni's Jewellery Boutique.
 47924 | Snake:3  | Found Hehureuq's Book Boutique.
 47957 | Snake:3  | Found a frozen archway.
 47977 | Snake:3  | Identified the +5 sling "Jacha" {antimagic, Int+5}
 48006 | IceCv    | Entered an ice cave
 49196 | IceCv    | Reached XP level 18. HP: 67/140 MP: 19/37
 49631 | IceCv    | Reached skill level 5 in Shields
 50756 | Snake:3  | Noticed Bai Suzhen
 51148 | Snake:4  | Entered Level 4 of the Snake Pit
 53295 | Snake:4  | Reached skill level 10 in Shields
 53629 | Snake:4  | Got a serpentine rune of Zot
 53678 | Snake:4  | Bought the amulet of the Briny Deep {RegenMP Rampage rF+
                  | Regen+ Int+2} for 1012 gold pieces
 53940 | Elf:1    | Entered Level 1 of the Elven Halls
 54255 | Elf:1    | Noticed Agnes
 54261 | Elf:1    | Killed Agnes
 54576 | Elf:1    | Paralysed by an air elemental for 1 turns
 54803 | Elf:1    | Noticed Louise
 54821 | Elf:1    | Killed Louise
 54949 | Elf:1    | Identified the +0 robe of the Lost Path {rN+++ Will- rCorr
                  | Int-5}
 55021 | Elf:1    | Found a runed translucent gate.
 55021 | Elf:1    | Found a runed translucent gate.
 55021 | Elf:1    | Found a runed translucent gate.
 55021 | Elf:1    | Found a runed translucent gate.
 55021 | Elf:1    | Found a runed translucent gate.
 55023 | Elf:1    | Found a runed translucent gate.
 55280 | Elf:1    | Noticed Frances
 55298 | Elf:1    | Killed Frances
 55360 | Elf:1    | Reached XP level 19. HP: 130/146 MP: 38/38
 55446 | Elf:2    | Paralysed by an air elemental for 1 turns
 55451 | Elf:2    | Paralysed by an air elemental for 1 turns
 55491 | Elf:2    | HP: 2/146 [deep elf sorcerer/damnation (26)]
 56058 | Elf:2    | Paralysed by an air elemental for 1 turns
 56324 | Elf:2    | Found Dups's Antique Weapon Emporium.
 56567 | Elf:2    | Found a huge runed translucent gate.
 56567 | Elf:2    | Found a huge runed translucent gate.
 56567 | Elf:2    | Found a huge runed translucent gate.
 56567 | Elf:2    | Found a huge runed translucent gate.
 56568 | Elf:2    | Found a huge runed translucent gate.
 56928 | Vaults:1 | Entered Level 1 of the Vaults
 57946 | Vaults:1 | HP: 7/149 [dire elephant (26)]
 58679 | Vaults:1 | Reached skill level 16 in Dodging
 59505 | Vaults:2 | Identified the +6 glaive of Meixaeju {vamp, rElec Int+3}
 59855 | Vaults:2 | Found a staircase to the Crypt.
 60466 | Vaults:2 | Reached XP level 20. HP: 160/160 MP: 39/39
 61031 | Vaults:2 | Identified the +8 rapier "Kofosix" {speed, Int+2 Dex+3}
 62065 | Vaults:3 | You are sucked into a shaft and drop 1 floor!
 62228 | Vaults:3 | Got an uncut book
 62434 | Vaults:3 | Noticed Xtahua
 62501 | Vaults:3 | Noticed Margery
 62693 | Vaults:3 | Killed Xtahua
 62896 | Vaults:3 | Noticed Sojobo
 63927 | Snake:3  | Bought quicksilver dragon scales for 1620 gold pieces
 64317 | Elf:3    | Entered Level 3 of the Elven Halls
 64373 | Elf:3    | Paralysed by an air elemental for 1 turns
 64763 | Elf:3    | Found Zorranom's Weapon Emporium.
 65110 | Elf:3    | Noticed Nikola
 65237 | Elf:3    | Killed Nikola
 65336 | Elf:3    | Paralysed by an air elemental for 1 turns
 65416 | Elf:3    | Identified the ring "Yppuos" {Int+2 SInv}
 65930 | Elf:3    | Reached skill level 10 in Conjurations
 66170 | Elf:3    | Identified the +6 executioner's axe of Dishonesty
                  | {antimagic, Str+7}
 66741 | Elf:3    | Identified the +8 scimitar of Tension {antimagic, Int+7}
 67942 | Elf:3    | Reached XP level 21. HP: 167/167 MP: 40/40
 68693 | Elf:3    | Identified the staff "Nez Non" {rF+ Int+4 Fire}
 68704 | Elf:3    | Got a rare book
 68771 | Elf:3    | Got a graven book
 68781 | Elf:3    | Got a torn book
 69067 | Elf:3    | Learned a level 4 spell: Dispel Undead
 69340 | Vaults:2 | Reached skill level 1 in Necromancy
 69763 | Vaults:4 | Noticed Zenata
 71203 | Vaults:4 | Reached skill level 15 in Fighting
 71522 | Crypt:1  | Entered Level 1 of the Crypt
 71848 | Crypt:1  | Reached skill level 5 in Necromancy
 72589 | Crypt:1  | Reached skill level 17 in Dodging
 73634 | Crypt:1  | Found an ancient bone altar of Kikubaaqudgha.
 73759 | Crypt:2  | Paralysed by a vampire knight for 2 turns
 74130 | Crypt:2  | Found a burning altar of Makhleb.
 74504 | Crypt:3  | Entered Level 3 of the Crypt
 74572 | Crypt:2  | Reached skill level 18 in Dodging
 74572 | Crypt:2  | Reached XP level 22. HP: 138/175 MP: 19/41
 74837 | Crypt:3  | Found a staircase to the Tomb.
 75530 | Crypt:3  | Identified the ring "Rotub" {rF+++ rC- rN+ Dex-2 Stlth+}
 75537 | Crypt:3  | Found an ancient bone altar of Kikubaaqudgha.
 75635 | Crypt:3  | Identified the +4 sling "Xinoh" {heavy, rC+ Dex+3}
 75699 | Crypt:3  | Identified the ring of Life {*Corrode rN+ Str+3 SInv
                  | Stlth+}
 75729 | Crypt:3  | Identified the ring of Acwic {rN+ Dex+3}
 75729 | Crypt:3  | Noticed Jory
 75882 | Crypt:3  | Killed Jory
 76780 | Crypt:3  | Bought an ichor-stained robe for 131 gold pieces
 76780 | Crypt:3  | Identified the +2 robe "Xuigats" {rC++ Int+7 Archmagi} (You
                  | bought it in a shop on level 3 of the Crypt)
 76809 | Crypt:3  | Learned a level 7 spell: Ozocubu's Refrigeration
 76999 | D:15     | Killed Josephine
 77234 | D:15     | Found a staircase to the Depths.
 77255 | Depths:1 | Entered Level 1 of the Depths
 77351 | Depths:1 | Found a magical portal.
 77353 | Depths:1 | Found an ancient bone altar of Kikubaaqudgha.
 77440 | Depths:1 | Found a gateway to Hell.
 77515 | WizLab   | Entered Eringya's Formal Garden
 78183 | WizLab   | Identified the staff of Friendship {rF+ rC+ rN+ Summ Necro
                  | Ice}
 78492 | WizLab   | Found a blossoming altar of Fedhas.
 78980 | Depths:1 | Reached XP level 23. HP: 183/184 MP: 29/44
 79693 | Depths:1 | Identified the +1 rapier "Ukhai" {holy, *Corrode Int+7
                  | Stlth+}
 79780 | Depths:1 | Found an iron altar of Okawaru.
 80033 | Depths:1 | Found Zauvan's Jewellery Emporium.
 80034 | Depths:1 | Found Eciquoch's Book Boutique.
 80034 | Depths:1 | Found Riot's Book Boutique.
 80040 | Depths:1 | Bought a manual of Dodging for 1040 gold pieces
 80410 | Depths:2 | Noticed Vv
 81011 | Depths:2 | Reached skill level 19 in Dodging
 81564 | Depths:3 | Noticed a shard shrike
 81622 | Depths:3 | Noticed a shard shrike
 81624 | Depths:3 | Noticed a shard shrike
 81631 | Depths:3 | Noticed a shard shrike
 81779 | Depths:3 | Found a portal to a secret trove of treasure.
 81795 | Depths:3 | Reached skill level 20 in Dodging
 81938 | Depths:3 | Found Wokuvy's General Store.
 82424 | Depths:3 | Found a one-way gateway to a ziggurat.
 82507 | Depths:3 | Noticed Frederick
 82531 | Depths:3 | Killed Frederick
 82710 | Depths:3 | Got a blackened book
 82802 | Depths:3 | Learned a level 2 spell: Blink
 82817 | Depths:4 | Entered Level 4 of the Depths
 83187 | Depths:4 | Found a radiant altar of Vehumet.
 83625 | Depths:4 | Reached XP level 24. HP: 165/193 MP: 45/45
 83693 | Depths:4 | Found Zulast's Book Shoppe.
 83976 | Depths:4 | Found a gate to the Realm of Zot.
 84285 | D:14     | Killed Ucadoall's ghost
 84528 | Slime:1  | Entered Level 1 of the Pits of Slime
 87373 | Slime:5  | Entered Level 5 of the Pits of Slime
 87503 | Slime:5  | Reached skill level 1 in Translocations
 87827 | Slime:5  | Noticed the Royal Jelly
 87910 | Slime:5  | Killed the Royal Jelly
 88143 | Slime:5  | Reached skill level 5 in Translocations
 88472 | Slime:5  | Identified the +4 halberd of Zin's Felicitations {flame,
                  | Str+4 Int+6 Stlth-}
 88479 | Slime:5  | Identified the +5 spear of Impeachment {freeze, +Blink rN++
                  | rCorr Int-2}
 88489 | Slime:5  | Identified the staff of the Lost Moons {rF+ rN+ Stlth+
                  | Fire}
 88491 | Slime:5  | Identified the +1 whip of Rotation {freeze, Contam +Blink
                  | rElec Str+5}
 88493 | Slime:5  | Got a slimy rune of Zot
 88513 | Slime:5  | Identified the +2 helmet of the Guilds {Dex+6}
 88556 | Slime:5  | Got a whispering book
 89230 | Lair:2   | Bought a scroll of teleportation for 45 gold pieces
 89230 | Lair:2   | Bought a scroll of revelation for 112 gold pieces
 89242 | Lair:2   | Learned a level 4 spell: Passage of Golubria
 89383 | Snake:3  | Bought a scroll of fog for 108 gold pieces
 89383 | Snake:3  | Bought a scroll of teleportation for 81 gold pieces
 89731 | Elf:3    | Bought the +4 demon trident of the Tired Servitors {elec,
                  | *Slow rElec rN+} for 1261 gold pieces
 90125 | Zot:1    | Entered Level 1 of the Realm of Zot
 90150 | Zot:1    | You are sucked into a shaft and drop 1 floor!
 90655 | Zot:3    | Reached XP level 25. HP: 106/207 MP: 35/45
 90824 | Zot:5    | Entered Level 5 of the Realm of Zot
 90874 | Zot:5    | Learned a level 1 spell: Apportation
 91083 | Zot:5    | Noticed a dread lich
 91093 | Zot:5    | Noticed an orb of fire
 91109 | Zot:5    | Killed an ancient lich
 91112 | Zot:5    | Killed a dread lich
 91116 | Zot:5    | Noticed a Killer Klown
 91120 | Zot:5    | Noticed an orb of fire
 91127 | Zot:5    | Killed a Killer Klown
 91134 | Zot:5    | Noticed a Killer Klown
 91138 | Zot:5    | Killed a Killer Klown
 91146 | Zot:5    | Killed an ancient lich
 91151 | Zot:5    | Noticed an orb of fire
 91227 | Zot:5    | Noticed a dread lich
 91278 | Zot:5    | Got the Orb of Zot
 91285 | Zot:5    | Killed a dread lich
 91297 | Zot:5    | Reached skill level 15 in Shields
 91316 | Zot:5    | Killed a Killer Klown
 91325 | Zot:5    | Killed an orb of fire
 91539 | Depths:3 | Killed a shard shrike
 91727 | D:10     | Noticed Kiyfav the pandemonium lord
 92016 | D:$      | Escaped with the Orb!

Illustrated notes

Levels and vault maps discovered:
D:1:      scummos_arrival_gate, layout_loops_corners
D:2:      layout_rooms, patterned_corridor, uniq_natasha
D:3:      layout_basic, nicolae_overflow_crystal_walls,
          mainiacjoe_overflow_six_doors_small, nrook_uturn, minmay_surrounded,
          uniq_ijyb, uniq_crazy_yiuf_cottage
D:4:      layout_loops_ring, nicolae_dithmenos_shadow_blocks, lemuel_tele_altar,
          minitemple, gammafunk_ghost_icy, grunt_tough_drop
D:5:      layout_cave_pools, nicolae_shop_i_like_small_books_too, uniq_edmund
D:6:      layout_basic, mainiacjoe_overflow_small_starburst
D:7:      layout_loops_ring, yredelemnul_altar_generic, temple_green,
          kennysheep_nondescript
D:8:      nzn_winding_woodlands_three_and_one [nzn_winding_woodlands_5x15_eye,
          nzn_winding_woodlands_5x15_pockets, nzn_winding_woodlands_5x15_garden,
          nzn_winding_woodlands_center_lodge], layout_basic, enter_bailey_5,
          kennysheep_minor_cross, minmay_misc_feat_cross, uniq_grum
D:9:      layout_roguey, mainiacjoe_overflow_alcove_2, kennysheep_little_box,
          david_lair_shrubbed, orc_0_dummy, hangedman_fish_farm
D:10:     layout_basic, dk_xom_monty_hall, trog_wizard,
          mainiacjoe_overflow_brackets, uniq_fannar
D:11:     layout_basic, lightli_corner_chamber
D:12:     layout_irregular_city, gauntlet_entry_generic,
          dreamdust_mushroom_princess, uniq_erolcha, uniq_snorg
D:13:     layout_basic
D:14:     layout_cave_pods, david_vaults_1, ebering_ghost_xom,
          minmay_misc_feat_nine_boxes, slow_altar_1, uniq_jorgrun
D:15:     grunt_enter_depths_magical_seal, layout_cave_pools,
          reono_crystal_passage, hangedman_abyss_or_decor_stagger, pond,
          uniq_nessos, uniq_josephine
Temple:   hellmonk_temple_forest_ring
Lair:1:   layout_regular_city, serial_rivers, chequers_serial_rivers_room_a,
          chequers_serial_rivers_micro_e, chequers_serial_rivers_micro_c,
          chequers_serial_rivers_small_b, chequers_serial_rivers_large_b,
          columned_hall_lemuel, uniq_urug
Lair:2:   layout_regular_city, minmay_shoals_entry_centaurs, lemuel_fruit_tree
Lair:3:   layout_gridlike, alex1729_snake_entry_snake, special_room
          [special_room_mythical_zoo], dreamdust_gnoll_shepherd,
          grunt_megastairs_1, infiniplex_staircase_pool, uniq_kirke
Lair:4:   layout_hall_layers
Lair:5:   hellmonk_lair_end_abyssal_woods, layout_cave_shapes, slime_entry_1,
          grunt_megastairs_3
Shoals:1: layout_shoals, uniq_roxanne
Shoals:2: layout_shoals, uniq_ilsuiw
Shoals:3: layout_shoals
Shoals:4: shoals_end_hangedman, layout_shoals, uniq_polyphemus
Snake:1:  layout_honeycomb, serial_shops, shop, nicolae_shop_real_fake_doors,
          uniq_aizul, uniq_donald, uniq_asterion
Snake:2:  kennysheep_snake, layout_layer_cave, serial_bayou_shore_a
Snake:3:  layout_basic, portal_ice_cave_entry_pillars_2, minmay_shoptagon,
          uniq_bai_suzhen
Snake:4:  johnstein_snake_rune_scales, layout_onion
Slime:1:  layout_caves
Slime:2:  layout_caves
Slime:3:  nicolae_slime_infinislime, layout_caves
Slime:4:  layout_caves
Slime:5:  slime_pit_nicolae_amoeboid
Orc:1:    layout_diamond_mine, basic_altar, uniq_harold
Orc:2:    st_orc_town, layout_caves
Elf:1:    nicolae_elf_arrival_fired_up, layout_onion_city, orc_legates,
          drop_trap, uniq_agnes, uniq_frances, uniq_louise
Elf:2:    elven_hall_of_blades_hangedman_alternative
          [nicolae_blade_little_rooms], layout_rooms, serial_shops, shop
Elf:3:    grunt_elf_hall_spiral, layout_loops_ring, serial_shops, shop,
          uniq_nikola
Vaults:1: nicolae_vaults_storage_closets_3, nicolae_vaults_angled_halls,
          nicolae_vaults_asterisk, nicolae_vaults_network_quincunx
          [nicolae_vaults_network_quincunx_subvault,
          nicolae_vaults_network_quincunx_subvault,
          nicolae_vaults_network_quincunx_subvault,
          nicolae_vaults_network_quincunx_subvault,
          nicolae_vaults_network_quincunx_subvault],
          nicolae_vaults_border_crossing,
          nicolae_vaults_antechamber_and_loot_room, nicolae_vaults_asterisk,
          vaults_room_pools, nicolae_vaults_trapezoid_2,
          nicolae_vaults_layer_cake_slice, v_misc_12, ontoclasm_vaults_shuriken,
          nicolae_vaults_layer_cake_slice, layout_vaults_omnibox
Vaults:2: vaults_dpeg_diagonal, minmay_crypt_entry_simple_plaza,
          ontoclasm_vaults_shout, nicolae_vaults_tetromino_T_1,
          nicolae_vaults_ring_of_whatevers, vaults_room_pools,
          nicolae_vaults_mini_display_case, layout_vaults_omnigrid
Vaults:3: nicolae_vaults_shrinking_rooms_2, v_misc_11,
          nicolae_vaults_doubleplus_tesselated, vaults_mumra_hexcomb,
          nicolae_vaults_shipping_containers_7, vaults_dpeg_emergency_exit,
          hangedman_vaults_impose, nicolae_vaults_double_plus_1,
          layout_vaults_big_room, uniq_margery, uniq_sojobo, uniq_xtahua
Vaults:4: ontoclasm_vaults_ligature, nicolae_vaults_trapezoid_lopsided_3,
          vaults_room_boxed, grunt_vaults_hallway_short, v_misc_28, v_misc_14,
          v_rooms_2, ontoclasm_vaults_chip, layout_vaults_ring, uniq_zenata
Crypt:1:  layout_misc_corridors, st_chilly_death, lemuel_upstairs_altar
Crypt:2:  layout_regular_city, nzn_life_drinkers,
          roderic_lattice_octagonal_star, lemuel_elevator
Crypt:3:  church_of_pain_bobbens, layout_chaotic_city,
          tomb_entry_forgotten_bobbens
Depths:1: evilmike_negative_zone, layout_gridlike, pf_hell_entry_tar_river,
          lightli_enter_wizlab_magi_temple, hex_medium, okawaru_gym_becter,
          minmay_shop_grove
Depths:2: wander_protected_by_tso, layout_cave_pools, grunt_pan_entry_spiral,
          kennysheep_crisscross, hell_entry, serial_bayou_pond_e,
          minmay_staircase_windowed_large, kennysheep_random_hallway, uniq_vv
Depths:3: minmay_coctagon, layout_small_grid, enter_ziggurat_f, abyss_entry,
          grunt_decor_one_mirror, serial_glass, glass_columns_a,
          glass_columns_a, enter_trove_0, lightli_too_deep,
          infiniplex_staircase_pool_2, minmay_shop_star, uniq_frederick
Depths:4: grunt_zot_entry_pinwheel, layout_twisted_cross,
          nicolae_vehumet_radiance, serial_sigils, serial_sigils_hangedman_snap,
          serial_sigils_hangedman_quiver, serial_sigils_hangedman_etch,
          serial_sigils_hangedman_stare, hell_entry, abyss_entry, serial_shops,
          nicolae_square_shop
Zot:1:    kennysheep_blocky_hall, layout_misc_corridors,
          hangedman_zot_diagonal_lockstep
Zot:2:    layout_misc_corridors, st_stairs_9
Zot:3:    evilmike_crystal_ball_defense, layout_misc_corridors,
          grunt_megastairs_4
Zot:4:    gammafunk_the_bubble [the_bubble_gammafunk_roulette],
          layout_gridville, uniq_tiamat
Zot:5:    layout_misc_corridors, lemuel_baited_zot_trap

Skill      XL: |  1  2  3  4  5  6  7  8  9 10 11 12 13 14 15 16 17 18 19 20 21 22 23 24 25 |
---------------+----------------------------------------------------------------------------+-----
Spellcasting   | 3 4 5 6 7 8 10 11 14 15 17 18 | 18.1
Ice Magic      | 4 5 6 7 9 11 13 14 | 14.5
Summonings     | 2 3 |  3.4
Conjurations   | 1 3 4 5 6 7 8 10 | 10.5
Fighting       | 3 5 6 9 11 12 14 15 16 19 | 19.0
Dodging        | 3 5 8 9 11 13 15 16 18 20 | 20.6
Evocations     | 3 5 7 |  7.6
Shields        | 1 4 10 12 13 14 15 | 15.2
Short Blades   | 3 |  3.8
Polearms       | 2 6 7 8 10 12 13 14 | 14.0
Necromancy     | 5 |  5.6
Translocations | 6 |  6.4
Stealth        | |  1.5

Action                     |  1- 3 |  4- 6 |  7- 9 | 10-12 | 13-15 | 16-18 | 19-21 | 22-24 | 25-27 || total
---------------------------+-------+-------+-------+-------+-------+-------+-------+-------+-------++-------
  Melee: Staff             |     4 |     1 |    11 |     7 |       |       |       |       |       ||    23
         Dagger            |       |       |    42 |    95 |       |       |       |       |       ||   137
         Demon trident     |       |       |       |   190 |  1076 |  1487 |  2134 |  1407 |    96 ||  6390
  Throw: Dart              |       |       |       |     6 |     2 |     4 |     4 |     1 |       ||    17
   Cast: Freeze            |    65 |    67 |   131 |    84 |       |     2 |       |       |       ||   349
         Frozen Ramparts   |     2 |     3 |     7 |    30 |    18 |     7 |     4 |     1 |       ||    72
         Call Imp          |       |     1 |    26 |    22 |     2 |       |       |       |       ||    51
         Summon Ice Beast  |       |       |    15 |    60 |   107 |    47 |    21 |     1 |     1 ||   252
         Mephitic Cloud    |       |       |    17 |    37 |    41 |    45 |    58 |     5 |       ||   203
         Ozocubu's Armour  |       |       |     3 |    21 |   101 |   103 |   114 |    62 |     6 ||   410
         Freezing Cloud    |       |       |       |       |    66 |   181 |    50 |    40 |     1 ||   338
         Sticky Flame      |       |       |       |       |    19 |    32 |    24 |       |       ||    75
         Dispel Undead     |       |       |       |       |       |       |   188 |   276 |       ||   464
         Swiftness         |       |       |       |       |       |       |     1 |       |     1 ||     2
         Ozocubu's Refrige |       |       |       |       |       |       |       |   118 |     2 ||   120
         Blink             |       |       |       |       |       |       |       |     1 |       ||     1
         Apportation       |       |       |       |       |       |       |       |       |     1 ||     1
 Invoke: Call Merchant     |       |       |       |       |     5 |     2 |       |     1 |       ||     8
         Potion Petition   |       |       |       |       |       |       |     2 |     1 |       ||     3
         Bribe Branch      |       |       |       |       |       |       |       |       |     2 ||     2
  Evoke: Wand              |       |     4 |    15 |    15 |    11 |    14 |     7 |     4 |     5 ||    75
         Sack of spiders   |       |       |       |       |     1 |     1 |     1 |     1 |       ||     4
         Phantom mirror    |       |       |       |       |       |       |     1 |       |       ||     1
    Use: Scroll            |       |     4 |     5 |     5 |     9 |    13 |    11 |    23 |     4 ||    74
   Stab: Confused          |       |       |     3 |    13 |    17 |    30 |    63 |    10 |       ||   136
         Sleeping          |       |       |       |     4 |     7 |     7 |     7 |    24 |     1 ||    50
         Distracted        |       |       |       |     2 |    10 |    15 |    26 |    51 |     6 ||   110
         Invisible         |       |       |       |       |       |     1 |     2 |     3 |       ||     6
 Armour: Robe              |    20 |    37 |   123 |   128 |   412 |   158 |       |   467 |    31 ||  1376
         Leather armour    |       |       |       |       |       |   457 |   783 |    62 |       ||  1302
  Dodge: Dodged            |    24 |    22 |   118 |   195 |   407 |   760 |  1104 |   933 |    56 ||  3619
  Block: Buckler           |       |       |     9 |   189 |   456 |   542 |       |       |       ||  1196
         Reflection        |       |       |       |     9 |    30 |    96 |       |       |       ||   135
         Kite shield       |       |       |       |       |       |   295 |  1151 |   854 |    67 ||  2367

Table legend: (Time is in decaauts)
 A = Elapsed time spent in this place.
 B = Non-inter-level travel time spent in this place.
 C = Inter-level travel time spent in this place.
 D = Time resting spent in this place.
 E = Time spent auto-exploring this place.
 F = Levels seen in this place.
 G = Mean time per level.
                   A        B        C        D        E       F      G
               +--------+--------+--------+--------+--------+-----+--------+
         Total |  91135 |  84425 |   6710 |  26597 |  31578 |  59 | 1544.7 |
       Dungeon |  22212 |  19687 |   2525 |   4612 |  10161 |  15 | 1480.8 |
        Temple |     11 |     11 |      0 |      0 |     10 |   1 |   11.0 |
          Lair |  10055 |   9016 |   1039 |   2560 |   3935 |   5 | 2011.0 |
        Shoals |   8192 |   7977 |    215 |   3254 |   2688 |   4 | 2048.0 |
     Snake Pit |  10170 |   9476 |    694 |   3703 |   3171 |   4 | 2542.5 |
    Slime Pits |   4476 |   4336 |    140 |   1045 |   1867 |   5 |  895.2 |
  Orcish Mines |   2625 |   2245 |    380 |    220 |   1075 |   2 | 1312.5 |
   Elven Halls |   7809 |   7223 |    586 |   3856 |   1543 |   3 | 2603.0 |
        Vaults |   8831 |   8221 |    610 |   2334 |   2945 |   4 | 2207.8 |
         Crypt |   5173 |   4986 |    187 |   1201 |   1930 |   3 | 1724.3 |
        Depths |   5661 |   5333 |    328 |   1430 |   1560 |   4 | 1415.2 |
           Zot |   1306 |   1306 |      0 |    234 |      0 |   5 |  261.2 |
        Bailey |    705 |    705 |      0 |    328 |     35 |   1 |  705.0 |
      Ice Cave |   1856 |   1856 |      0 |   1225 |     72 |   1 | 1856.0 |
        Wizlab |   1160 |   1160 |      0 |    451 |    302 |   1 | 1160.0 |
      Gauntlet |    885 |    885 |      0 |    140 |    283 |   1 |  885.0 |
               +--------+--------+--------+--------+--------+-----+--------+

Top non-repeatable levels by time:
   Elf:3: 4615 daAuts
 Snake:2: 3788 daAuts
  Lair:5: 3132 daAuts
Shoals:4: 3123 daAuts
Vaults:2: 2612 daAuts
Vaults:1: 2580 daAuts
  Lair:3: 2576 daAuts
 Snake:4: 2567 daAuts
 Snake:1: 2296 daAuts
 Crypt:3: 2217 daAuts
Shoals:3: 2086 daAuts
   Orc:2: 2009 daAuts
  Lair:2: 1993 daAuts
    D:14: 1962 daAuts
Vaults:3: 1857 daAuts
